 Dungeon Crawl Stone Soup version 0.30-a0-1094-g860fb061e7 (webtiles) character file.

Game seed: 12661566965667641631

116 Elsrick the Grave Robber (level 5, 0/28 HPs)
             Began as a Kobold Necromancer on Apr 18, 2023.
             Slain by Crazy Yiuf
             ... wielding a +2 quarterstaff of chaos
              (15 damage)
             ... on level 3 of the Dungeon.
             The game lasted 00:13:15 (2604 turns).

Elsrick the Grave Robber (Kobold Necromancer)       Turns: 2604, Time: 00:13:15

Health: 0/28       AC:  3    Str:  5    XL:     5   Next: 20%
Magic:  9/9        EV: 15    Int: 19    God:
Gold:   204        SH:  0    Dex: 15    Spells: 5/10 levels left

rFire   x . .      SeeInvis +    h - +1 short sword (flame)
rCold   + . .      Faith    .    (no shield)
rNeg    . . .      Spirit   .    a - +0 robe
rPois   .          Reflect  .    (no helmet)
rElec   .          Rampage  .    k - scarf {repulsion}
rCorr   .                        (no gloves)
Will    .....                    n - +0 pair of boots
Stlth   +++                      (no amulet)
HPRegen 0.24/turn                g - ring of ice
MPRegen 0.11/turn                m - ring of see invisible

@: repel missiles
A: small, no large weapons, nightstalker 3
a: no special abilities


You were on level 3 of the Dungeon.
You visited 1 branch of the dungeon, and saw 4 of its levels.

You collected 204 gold pieces.

Inventory:

Hand Weapons
 d - a +0 short sword
 h - a +1 short sword of flaming (weapon)
Armour
 a - a +0 robe (worn)
 k - a scarf of repulsion (worn)
 n - a +0 pair of boots (worn)
Jewellery
 g - a ring of ice (left hand)
 m - a ring of see invisible (right hand)
Wands
 q - a wand of charming (7)
Scrolls
 c - a scroll of fog {unknown}
 i - a scroll of fear {unknown}
 j - a scroll of teleportation {unknown}
 l - a scroll of brand weapon {unknown}
 r - a scroll of magic mapping {unknown}
Potions
 b - a potion of magic
 e - a potion of brilliance {unknown}
 f - a potion of heal wounds {unknown}
 o - 3 potions of curing {unknown}
 p - a potion of resistance {unknown}


   Skills:
 + Level 0.4 Fighting
 + Level 1.5 Short Blades
 + Level 2.9 Dodging
 + Level 3.5 Stealth
 + Level 3.2 Spellcasting
 + Level 4.9 Necromancy


You had 5 spell levels left.
You knew the following spells:

 Your Spells              Type           Power      Damage    Failure   Level
a - Necrotise             Necr           84%        1d8       1%          1
b - Animate Dead          Necr           21%        N/A       21%         4

Your spell library contained the following spells:

 Spells                   Type           Power      Damage    Failure   Level
 Vampiric Draining        Necr           21%        2d7       6%          3
 Agony                    Necr           21%        N/A       50%         5


Dungeon Overview and Level Annotations

Branches:
Dungeon (4/15)
 Temple: D:4-7

Altars:
Ru

Annotations:
D:2 Robin
D:3 Crazy Yiuf
D:4 Dowan


Innate Abilities, Weirdness & Mutations

You are small and have problems with some larger weapons.
You are completely attuned to the shadows.


Message History

You hit the adder. You burn the adder.
You kill the adder!
You now have 204 gold pieces (gained 15).
A bat comes into view.
The helpless bat fails to defend itself.
You puncture the bat! You burn the bat.
You kill the bat!
A hobgoblin comes into view.
The helpless hobgoblin fails to defend itself.
You puncture the hobgoblin! You burn the hobgoblin.
You kill the hobgoblin!
As you open the door, it creaks loudly!
You hear an angry hiss.
There is an open door here.
A frilled lizard comes into view.
Found a scroll labelled OBALOU VILITZ.
The frilled lizard completely misses you.
You barely miss the frilled lizard.
The frilled lizard bites you but does no damage.
You hit the frilled lizard. You burn the frilled lizard.
You kill the frilled lizard!
r - a scroll labelled OBALOU VILITZ
Found a runed translucent door.
Found a hammer.
You open the door.
Crazy Yiuf laughs, "Millenium snail green!"
Crazy Yiuf says, "Citrus King head!"
Crazy Yiuf completely misses you.
There is an open translucent door here.
You hit Crazy Yiuf. You burn Crazy Yiuf.
Crazy Yiuf is lightly wounded.
Crazy Yiuf hits you with a +2 quarterstaff of chaos!
You barely miss Crazy Yiuf.
Crazy Yiuf is lightly wounded.
Crazy Yiuf hits you with a +2 quarterstaff of chaos.
Crazy Yiuf draws strength from your wounds!
You hit Crazy Yiuf. You burn Crazy Yiuf.
Crazy Yiuf is moderately wounded.
Crazy Yiuf hits you with a +2 quarterstaff of chaos!
Ouch! That really hurt!
You die...

........#
#....# ##
........#
♣P..P♣ #
........#
♣♣...♣
........#
♣♣.♣♣
######### ♣♣.♣
.......# ♣.♣♣
.......# ♣♣.♣
.......# ♣.♣♣
.......# #@#
#.#...######
#.g.#
..#...##...#
#...#
#...#.##...#
#)..#
...##.##...#
#####
..<...##...#
########...###
......##.....#
#.###........#


You could see Crazy Yiuf.

Vanquished Creatures
  3 adders
  A worm (D:3)
  5 dart slugs
  7 ball pythons
  5 endoplasms
  3 giant cockroaches
  13 goblins
  6 hobgoblins
  6 quokkas
  6 bats
  3 frilled lizards
  4 kobolds
  3 rats
65 creatures vanquished.

Vanquished Creatures (collateral kills)
  A bat (D:1)
  A goblin (D:2)
  2 kobolds (D:1)
4 creatures vanquished.

Vanquished Creatures (others)
  7 toadstools (D:1)
7 creatures vanquished.

Grand Total: 76 creatures vanquished

Notes
Turn   | Place    | Note
-------+----------+-------------------------------------------
     0 | D:1      | Elsrick the Kobold Necromancer began the quest for the Orb.
     0 | D:1      | Reached XP level 1. HP: 10/10 MP: 3/3
   174 | D:1      | Reached XP level 2. HP: 3/15 MP: 1/5
   483 | D:1      | Reached XP level 3. HP: 19/19 MP: 4/6
   821 | D:2      | Noticed Robin
   950 | D:2      | Reached XP level 4. HP: 21/24 MP: 6/8
  1027 | D:2      | Learned a level 4 spell: Animate Dead
  1159 | D:2      | Reached skill level 1 in Short Blades
  1356 | D:2      | You fall into a shaft and drop 2 floors!
  1400 | D:3      | Found a sacrificial altar of Ru.
  1401 | D:3      | Found a faded altar of an unknown god.
  1645 | D:4      | Noticed Dowan
  2402 | D:3      | Reached XP level 5. HP: 28/28 MP: 7/9
  2596 | D:3      | Found a runed translucent door.
  2599 | D:3      | Noticed Crazy Yiuf
  2604 | D:3      | Slain by Crazy Yiuf

Illustrated notes

Levels and vault maps discovered:
D:1:      nagdon_arrival_zigzag_paths, layout_basic
D:2:      layout_loops_ring, uniq_robin
D:3:      layout_basic, nicolae_overflow_ecumenical_swirl,
          uniq_crazy_yiuf_cottage
D:4:      layout_gridville, mainiacjoe_overflow_tiny_flanked, lemuel_tele_altar,
          uniq_duvessa, uniq_menkaure, uniq_ijyb

Skill      XL: |  1  2  3  4 |
---------------+-------------+-----
Stealth        | 3 |  3.5
Short Blades   | 1 |  1.5
Spellcasting   | 3 |  3.2
Fighting       | |  0.4
Dodging        | |  2.9
Necromancy     | |  4.9

Action                     |  1- 3 |  4- 6 || total
---------------------------+-------+-------++-------
  Melee: Short sword       |    44 |    71 ||   115
   Cast: Necrotise         |    19 |    30 ||    49
   Stab: Sleeping          |     4 |     5 ||     9
 Armour: Robe              |     9 |     7 ||    16
  Dodge: Dodged            |    53 |    44 ||    97

Table legend: (Time is in decaauts)
 A = Elapsed time spent in this place.
 B = Non-inter-level travel time spent in this place.
 C = Inter-level travel time spent in this place.
 D = Time resting spent in this place.
 E = Time spent auto-exploring this place.
 F = Levels seen in this place.
 G = Mean time per level.
                   A        B        C        D        E       F      G
               +--------+--------+--------+--------+--------+-----+--------+
         Total |   2602 |   2476 |    126 |    240 |   1154 |   4 |  650.5 |
       Dungeon |   2602 |   2476 |    126 |    240 |   1154 |   4 |  650.5 |
               +--------+--------+--------+--------+--------+-----+--------+

Top non-repeatable levels by time:
     D:1: 1018 daAuts
     D:2: 805 daAuts
     D:3: 462 daAuts
     D:4: 315 daAuts
